[Event "Titled Tuesday Blitz August 17 2021"]
[White "Singh, Ojasva"]
[Black "Przybylski, Wojciech"]
[WhiteFideId "25681958"]
[BlackFideId "1117599"]
[WhiteElo "1741"]
[BlackElo "2250"]
[Result "0-1"]
[Round "04"]
[TimeControl "180+1"]
[Date "2021.08.18"]
[WhiteClock "0:00:01"]
[BlackClock "0:00:05"]

1. e4 c5 2. Nf3 d6 3. d4 cxd4 4. Nxd4 Nf6 5. f3 e5 6. Nb3 Be6 7. c4 Be7 8. Nc3 O-O 9. Be3 Nbd7 10. Be2 a6 11. O-O Re8 12. Nd2 Rc8 13. b4 Nb6 14. Nd5 Nfxd5 15. cxd5 Bd7 16. a4 f5 17. a5 Na8 18. Rc1 Bg5 19. Bf2 Nc7 20. Bb6 Re7 21. Rc3 Be8 22. exf5 Qd7 23. Ne4 Bh6 24. Qc2 Kh8 25. f6 Rf7 26. Bxc7 Rxc7 27. Rxc7 Qxc7 28. Qxc7 Rxc7 29. Nxd6 Bg6 30. f7 Bxf7 31. Nxf7+ Rxf7 32. b5 Be3+ 33. Kh1 Rd7 34. bxa6 bxa6 35. Bc4 g6 36. g3 Bd2 37. Ra1 Rd6 38. Ra2 Bc3 39. Kg2 Kg7 40. Kf2 Kf6 41. Ke3 Kf5 42. g4+ Kf6 43. Ke4 Kg5 44. h4+ Kxh4 45. Rh2+ Kg5 46. Rxh7 Bxa5 47. Ra7 Bc3 48. Rxa6 Rd8 0-1


[Site "https://www.chess.com"]

[Event "Titled Tuesday Blitz August 17 2021"]
[White "Skliarov, Viktor"]
[Black "Grachev, Boris"]
[WhiteFideId "14106736"]
[BlackFideId "4129199"]
[WhiteElo "2281"]
[BlackElo "2580"]
[Result "1/2-1/2"]
[Round "04"]
[TimeControl "180+1"]
[Date "2021.08.17"]
[WhiteClock "0:00:15"]
[BlackClock "0:00:14"]

1. e4 c5 2. Nf3 e6 3. c3 d5 4. e5 Nc6 5. d4 Bd7 6. a3 c4 7. Nbd2 Na5 8. g3 Ne7 9. h4 Nc8 10. Bh3 Nb6 11. O-O h6 12. Qe2 Ba4 13. Ne1 Be7 14. Ndf3 Kd7 15. Be3 Qg8 16. Nd2 g5 17. h5 Qh7 18. Bg4 Kc7 19. Kh2 Rhg8 20. Rc1 Raf8 21. Rg1 Kb8 22. Rf1 a6 23. Rg1 Ka7 24. Rf1 Nb3 25. Rd1 Na5 26. Rc1 Ka8 27. Rg1 Nb3 28. Rd1 Na5 29. Rc1 Bd7 30. Rf1 Nc6 31. Ng2 f5 32. exf6 Rxf6 33. Nf3 Bd6 34. Ne5 Bc8 35. Rce1 Nd7 36. Nxc6 bxc6 37. Bc1 Nf8 38. Qd1 Ka7 39. b3 cxb3 40. Qxb3 Qb7 41. Qc2 Qh7 42. Qb3 Qb7 43. Qc2 Qh7 44. Qb3 1/2-1/2


[Site "https://www.chess.com"]

[Event "Titled Tuesday Blitz August 17 2021"]
[White "Slavin, Alexey"]
[Black "Hambleton, Aman"]
[WhiteFideId "24104388"]
[BlackFideId "2606577"]
[WhiteElo "2262"]
[BlackElo "2552"]
[Result "0-1"]
[Round "04"]
[TimeControl "180+1"]
[Date "2021.08.18"]
[WhiteClock "0:00:08"]
[BlackClock "0:00:19"]

1. e4 b6 2. d4 Bb7 3. f3 e6 4. c4 f5 5. exf5 exf5 6. Bd3 Qh4+ 7. Kf1 Qxd4 8. Ne2 Qf6 9. Nbc3 Ne7 10. h4 g6 11. Bg5 Qf7 12. h5 Bg7 13. hxg6 hxg6 14. Rxh8+ Bxh8 15. Qd2 Nbc6 16. a3 O-O-O 17. b4 Bf6 18. Be3 Rh8 19. Bg1 Ne5 20. c5 Nxd3 21. Qxd3 Nd5 22. Rc1 Nxc3 23. Nxc3 Kb8 24. cxb6 axb6 25. Nb5 Qd5 26. Qxd5 Bxd5 27. Nxc7 Bc6 28. b5 Kxc7 29. bxc6 dxc6 30. Ke2 Ra8 31. Rb1 c5 32. Rb3 Kc6 33. Be3 b5 34. Kf2 c4 35. Rb1 Rxa3 36. Bf4 g5 37. Bb8 f4 38. g3 Ra2+ 39. Kf1 fxg3 40. Bxg3 Ra1 41. Rxa1 Bxa1 42. Ke2 Kd5 43. Kd1 Be5 44. Bf2 b4 45. Kc2 b3+ 0-1


[Site "https://www.chess.com"]

[Event "Titled Tuesday Blitz August 17 2021"]
[White "Solon, Nathan"]
[Black "Khabinets, Ivan"]
[WhiteFideId "2017229"]
[BlackFideId "14115980"]
[WhiteElo "2679"]
[BlackElo "2114"]
[Result "1-0"]
[Round "04"]
[TimeControl "180+1"]
[Date "2021.08.17"]
[WhiteClock "0:01:07"]
[BlackClock "0:00:30"]

1. d4 Nf6 2. c4 e6 3. g3 d5 4. Bg2 Bb4+ 5. Nd2 O-O 6. Nf3 a5 7. O-O a4 8. Qc2 c6 9. e4 Be7 10. Rd1 b6 11. e5 Nfd7 12. cxd5 cxd5 13. Bf1 Bb7 14. Bd3 h6 15. Nf1 Nc6 16. a3 Qc7 17. h4 Rfc8 18. Qe2 Na5 19. Bf4 Nb3 20. Rab1 Ra5 21. Ne3 Bf8 22. g4 Nb8 23. g5 Ba6 24. Bxa6 Rxa6 25. gxh6 gxh6 26. Kh2 f5 27. Rg1+ Kh8 28. Rg6 Qf7 29. Rbg1 Nc6 30. Qxa6 Rc7 31. Qxa4 1-0


[Site "https://www.chess.com"]

[Event "Titled Tuesday Blitz August 17 2021"]
[White "Steinberg, Nitzan"]
[Black "Tikhonov, Viacheslav"]
[WhiteFideId "2801795"]
[BlackFideId "44196407"]
[WhiteElo "2440"]
[BlackElo "1773"]
[Result "1-0"]
[Round "04"]
[TimeControl "180+1"]
[Date "2021.08.17"]
[WhiteClock "0:00:12"]
[BlackClock "0:00:01"]

1. e4 c6 2. d3 d5 3. Nd2 e5 4. Ngf3 Bd6 5. d4 exd4 6. exd5 Nf6 7. Nxd4 Nxd5 8. Be2 O-O 9. O-O Bxh2+ 10. Kxh2 Qh4+ 11. Kg1 Qxd4 12. c3 Qf6 13. Ne4 Qg6 14. Bf3 Nd7 15. Qd4 N7f6 16. Nxf6+ Nxf6 17. Qb4 Nd5 18. Qh4 Bf5 19. c4 Nb4 20. Bd2 Nd3 21. Bc3 Rfe8 22. Rad1 Ne5 23. Bh5 Qh6 24. Rfe1 Ng6 25. Qh2 Qg5 26. g3 Bg4 27. Bxg4 Qxg4 28. Qg2 h5 29. b3 h4 30. gxh4 Qxg2+ 31. Kxg2 Nxh4+ 32. Kg3 Ng6 33. f3 f6 34. f4 Rxe1 35. Bxe1 Re8 36. Bf2 a6 37. f5 Ne5 38. Kf4 Kf7 39. Bc5 Rh8 40. Kg3 Rh5 41. Rf1 Rg5+ 42. Kh3 Nd3 43. Be3 Rh5+ 44. Kg3 Rh8 45. Rd1 Ne5 46. Bf4 Re8 47. c5 Re7 48. b4 Nd7 49. Bd6 Re8 50. Bf4 Ne5 51. a4 Re7 52. Rd2 Re8 53. Rd4 Re7 54. b5 axb5 55. axb5 Re8 56. b6 Re7 57. Ra4 Nd3 58. Bd6 Rd7 59. Rd4 Nb2 60. Rb4 Nd3 61. Ra4 Ne5 62. Ra8 Nc4 63. Bc7 1-0


[Site "https://www.chess.com"]

[Event "Titled Tuesday Blitz August 17 2021"]
[White "Stribuk, Artiom"]
[Black "Thing, Bibek"]
[WhiteFideId "13515659"]
[BlackFideId "12303135"]
[WhiteElo "2224"]
[BlackElo "2000"]
[Result "1-0"]
[Round "04"]
[TimeControl "180+1"]
[Date "2021.08.17"]
[WhiteClock "0:00:06"]
[BlackClock "0:00:04"]

1. d4 Nf6 2. c4 g6 3. g3 d5 4. cxd5 Bg7 5. Bg2 Nxd5 6. Nf3 O-O 7. O-O Bf5 8. Nc3 Nxc3 9. bxc3 Be4 10. Bh3 c6 11. Nd2 Bf5 12. Bg2 Nd7 13. e4 Be6 14. Bb2 Nb6 15. Qe2 Na4 16. Rfb1 Rb8 17. Qd3 c5 18. d5 b5 19. Qe3 Bd7 20. Nb3 b4 21. e5 Bf5 22. cxb4 Bxb1 23. Rxb1 c4 24. Nc5 Rxb4 25. Nxa4 Rxa4 26. a3 Qb6 27. Qxb6 axb6 28. f4 Rc8 29. Bc1 Ra6 30. Bf1 f6 31. e6 f5 32. Rb4 Ra5 33. Bg2 Bc3 34. Rb1 Bd4+ 35. Kf1 c3 36. Ke2 c2 37. Rb3 Rac5 38. Kd3 Rc3+ 39. Rxc3 Bxc3 40. Kxc2 Bd4+ 41. Kd1 Bc5 42. Bf1 Bd6 43. Be3 Rb8 44. a4 Kf8 45. Bb5 Rb7 46. Bd4 Bc5 47. Be5 Ra7 48. Ke2 Bd6 49. Bd4 Bc5 50. Be5 Rb7 51. Kd3 Bd6 52. Bd4 Bc5 53. Be5 Bd6 54. Bc3 h6 55. Bc6 Ra7 56. h3 g5 57. fxg5 hxg5 58. g4 f4 59. Ke4 Bc5 60. Be5 Bd6 61. Bd4 Bc5 62. Bc3 Ra6 63. Bb5 Ra7 64. Be5 Ra8 65. h4 gxh4 66. Kxf4 Bd6 67. Bxd6 exd6 68. g5 Ke7 69. Kg4 Rh8 70. Kh3 Rh5 71. Bc6 Rxg5 72. Kxh4 Re5 73. Kg4 Re4+ 74. Kf3 Rb4 75. Ke3 Rh4 76. Kd3 Rh5 77. Kc4 Rh1 78. Kb5 Rb1+ 79. Ka6 Rb2 80. Kb7 Rb1 81. Bb5 Rb2 82. Kxb6 Rd2 83. Kc6 Rc2+ 84. Kb7 Rd2 85. Kc6 Rc2+ 86. Kb6 Rd2 87. a5 Rxd5 88. a6 Rc5 89. a7 Rc8 90. Kb7 Rh8 91. Bc4 Kf6 92. a8=Q Ke5 93. Qxh8+ 1-0


[Site "https://www.chess.com"]

[Event "Titled Tuesday Blitz August 17 2021"]
[White "Svane, Rasmus"]
[Black "Maximov, Dmitry"]
[WhiteFideId "4657101"]
[BlackFideId "14105659"]
[WhiteElo "2669"]
[BlackElo "2494"]
[Result "1-0"]
[Round "04"]
[TimeControl "180+1"]
[Date "2021.08.17"]
[WhiteClock "0:00:10"]
[BlackClock "0:00:02"]

1. Nf3 Nf6 2. g3 c5 3. Bg2 Nc6 4. c4 g6 5. d4 cxd4 6. Nxd4 Qb6 7. Nc2 Bg7 8. Nc3 O-O 9. O-O d6 10. b3 Bf5 11. Be3 Qa5 12. Bd2 Bxc2 13. Qxc2 Qh5 14. h3 Rac8 15. Rac1 a6 16. Rfd1 Rfe8 17. Qd3 Nd7 18. Nd5 Nde5 19. Qe3 e6 20. Nf4 Qf5 21. Bc3 d5 22. cxd5 exd5 23. Nxd5 h5 24. Qf4 Qe6 25. Qg5 Kh7 26. Nf4 Qe7 27. Qxe7 Rxe7 28. Nd5 Re6 29. Nb6 Rd8 30. Rxd8 Nxd8 31. Nd5 Nec6 32. Kf1 Bxc3 33. Rxc3 Kg7 34. e3 Rd6 35. Ke2 Ne6 36. a3 g5 37. b4 Kg6 38. Rc2 Kg7 39. Nc3 Ncd4+ 40. exd4 Nxd4+ 41. Kd3 Nxc2+ 42. Kxc2 Rf6 43. Ne4 Rf5 44. Kd3 g4 45. hxg4 hxg4 46. Ke3 b5 47. Nc5 a5 48. Bf1 Rf3+ 49. Kd4 Rxa3 50. Bxb5 axb4 51. Nd3 b3 52. Bd7 Kg6 53. Kc4 Kg5 54. Kb4 Ra2 55. Kxb3 Re2 56. Kc3 f5 57. Kd4 Re4+ 58. Kc3 Re2 59. Bb5 Re4 60. Bc4 Re2 61. Bb3 Re4 62. Kd2 Rd4 63. Bd1 Re4 64. Be2 Rd4 65. Bf1 Re4 66. Bg2 Rd4 67. Ke3 Rd8 68. Bc6 Rc8 69. Bd5 Re8+ 70. Kd4 Re2 71. Bg2 Rd2 72. Bf1 Ra2 73. Ke3 Ra3 74. Bg2 Ra2 75. Bd5 Ra3 76. Be6 Ra4 77. Bd7 Re4+ 78. Kd2 Rd4 79. Bc8 Re4 80. Nf4 Rxf4 81. gxf4+ Kxf4 82. Ke2 Kg5 83. Bb7 f4 84. Kf1 Kh4 85. Kg2 Kg5 86. Bc8 Kh4 87. Bd7 Kg5 88. Kf1 Kh4 89. Be6 Kg5 90. Ke2 Kh4 91. Kf1 Kg5 92. Kg1 Kh4 93. Bc8 Kg5 94. Kh2 Kh4 95. Kg2 Kg5 96. Kf1 Kh4 97. Bb7 Kg5 98. Ke2 Kh4 99. Bc6 Kh3 100. Bd7 Kh4 101. Bc8 Kg5 102. Bb7 Kh4 103. Bg2 Kg5 104. Kd3 Kh4 105. Ke4 Kg5 106. Bh1 f3 107. Ke3 Kf5 108. Bxf3 gxf3 109. Kxf3 Kg5 110. Ke4 Kg6 111. Ke5 Kg5 112. f4+ Kg6 113. Ke6 Kg7 114. f5 Kg8 115. Ke7 1-0


[Site "https://www.chess.com"]

[Event "Titled Tuesday Blitz August 17 2021"]
[White "Sychev, Klementy"]
[Black "Swapnil, S. Dhopade"]
[WhiteFideId "4114060"]
[BlackFideId "5019184"]
[WhiteElo "2615"]
[BlackElo "2402"]
[Result "1-0"]
[Round "04"]
[TimeControl "180+1"]
[Date "2021.08.17"]
[WhiteClock "0:00:27"]
[BlackClock "0:00:02"]

1. e4 c6 2. d4 d5 3. e5 Bf5 4. Nf3 e6 5. Be2 Ne7 6. O-O Nc8 7. Be3 Be7 8. Nbd2 Nd7 9. Ne1 O-O 10. g4 Bg6 11. f4 f6 12. Nd3 fxe5 13. fxe5 Rxf1+ 14. Bxf1 Bg5 15. Qf3 Bxe3+ 16. Qxe3 Qe7 17. c3 Ncb6 18. Nf4 Qg5 19. h3 Rf8 20. Nxd5 Qxe3+ 21. Nxe3 c5 22. Bg2 cxd4 23. cxd4 Rf4 24. Nb3 Be4 25. Rc1 Bxg2 26. Kxg2 a5 27. Kg3 g5 28. Ng2 a4 29. Nxf4 gxf4+ 30. Kxf4 axb3 31. axb3 Nd5+ 32. Kg5 Kg7 33. Rc8 h6+ 34. Kh4 Nf8 35. Rb8 b6 36. Kg3 Ng6 37. h4 Nge7 38. h5 Nc6 39. Rb7+ Kg8 40. g5 hxg5 41. Kg4 Nxd4 42. Kxg5 Nf3+ 43. Kg4 Nxe5+ 44. Kh4 Nf3+ 45. Kg3 Ne5 46. h6 Nf6 47. Rxb6 Kf7 48. b4 Nd5 49. Rb7+ Kg8 50. b5 Nc4 1-0


[Site "https://www.chess.com"]

[Event "Titled Tuesday Blitz August 17 2021"]
[White "Tania, Sachdev"]
[Black "Nitin, S."]
[WhiteFideId "5007844"]
[BlackFideId "5018277"]
[WhiteElo "2280"]
[BlackElo "2431"]
[Result "0-1"]
[Round "04"]
[TimeControl "180+1"]
[Date "2021.08.17"]
[WhiteClock "0:00:04"]
[BlackClock "0:00:03"]

1. d4 Nf6 2. c4 g6 3. Nc3 Bg7 4. e4 d6 5. f3 O-O 6. Nge2 a6 7. Bg5 Nc6 8. Qd2 Na5 9. Nc1 c5 10. d5 e6 11. Be2 exd5 12. cxd5 b5 13. O-O b4 14. Nd1 Qe8 15. Nf2 Bd7 16. a3 Bb5 17. axb4 Nb7 18. bxc5 Nxc5 19. b4 Ncd7 20. Bxb5 axb5 21. Rxa8 Qxa8 22. Nb3 Ne5 23. Na5 Nfd7 24. Be7 Rc8 25. Bxd6 Qa6 26. Bxe5 Nxe5 27. Rc1 Nc4 28. Nxc4 bxc4 29. d6 c3 30. Qd3 Qa3 31. Rc2 Qxb4 32. f4 Bd4 33. Kf1 Qxd6 34. e5 Qb6 35. Ne4 Qb1+ 36. Ke2 Qg1 37. Kf3 Kg7 38. Nd6 Rb8 39. Nb5 Rxb5 40. Qxb5 Qe3+ 41. Kg4 h5+ 42. Kg5 Qe4 43. Qe2 Qf5+ 44. Kh4 Qxf4+ 45. g4 Bxe5 46. Kh3 hxg4+ 47. Qxg4 Qe3+ 48. Kg2 Qd3 49. Qe2 Qd5+ 50. Qf3 Qd4 51. Rf2 Bf6 52. Qb7 Qg4+ 53. Kf1 c2 54. Qc6 Qd1+ 55. Kg2 Qg4+ 56. Kf1 Qd1+ 57. Kg2 c1=Q 58. Qxf6+ Kh6 59. Qh8+ Kg5 60. Qf6+ Kh5 0-1


[Site "https://www.chess.com"]

[Event "Titled Tuesday Blitz August 17 2021"]
[White "Tica, Sven"]
[Black "Divya Deshmukh"]
[WhiteFideId "14526948"]
[BlackFideId "35006916"]
[WhiteElo "2391"]
[BlackElo "2239"]
[Result "0-1"]
[Round "04"]
[TimeControl "180+1"]
[Date "2021.08.18"]
[WhiteClock "0:00:12"]
[BlackClock "0:00:05"]

1. d4 Nf6 2. Nc3 d5 3. Bf4 Bf5 4. Nb5 Na6 5. e3 c6 6. Nc3 e6 7. Bd3 Bxd3 8. Qxd3 Qb6 9. Nge2 Be7 10. O-O O-O 11. a3 h6 12. b4 Rac8 13. Rfb1 Nc7 14. a4 Nce8 15. a5 Qd8 16. f3 Nd6 17. Bxd6 Bxd6 18. Na4 e5 19. Nc5 Qe7 20. c3 Rfe8 21. Re1 b6 22. axb6 axb6 23. Na4 Qc7 24. g3 e4 25. fxe4 Nxe4 26. Rf1 Ng5 27. Kg2 Ra8 28. Nb2 Rxa1 29. Rxa1 Qe7 30. Nd1 Qf6 31. Ng1 Ne4 32. Ra6 h5 33. Nf3 Rb8 34. Nd2 Qg6 35. Nxe4 dxe4 36. Qe2 h4 37. g4 h3+ 38. Kg1 f5 39. Nf2 Kh7 40. Kh1 f4 41. exf4 e3 42. Nxh3 Qb1+ 43. Kg2 Qe4+ 44. Kg3 Kg8 45. Qc4+ Kh8 46. Ra2 Re8 47. Re2 g5 48. Qf7 gxf4+ 49. Kh4 Qe7+ 50. Qxe7 Rxe7 51. g5 Kg7 52. Kg4 Rf7 53. Kf3 Kg6 54. Rg2 Kf5 55. g6 Rg7 56. Rg5+ Kf6 57. Ke4 e2 58. Rg1 e1=Q+ 59. Rxe1 Re7+ 60. Kf3 Rxe1 61. Nf2 Re3+ 0-1


[Site "https://www.chess.com"]

[Event "Titled Tuesday Blitz August 17 2021"]
[White "Timofeev, Artyom"]
[Black "Taichman, Ori"]
[WhiteFideId "4140419"]
[BlackFideId "2804069"]
[WhiteElo "2582"]
[BlackElo "2227"]
[Result "1-0"]
[Round "04"]
[TimeControl "180+1"]
[Date "2021.08.17"]
[WhiteClock "0:01:21"]
[BlackClock "0:00:05"]

1. c4 g6 2. g3 Bg7 3. Bg2 Nf6 4. Nc3 O-O 5. d3 d6 6. Nf3 Nc6 7. O-O e5 8. Rb1 a5 9. b3 Rb8 10. Bb2 Bg4 11. h3 Bxf3 12. Bxf3 Nd4 13. Bg2 c6 14. e3 Ne6 15. Rc1 Qd7 16. Kh2 Rfc8 17. Qe2 b5 18. cxb5 cxb5 19. h4 Rc5 20. Bh3 Rbc8 21. d4 exd4 22. exd4 Nxd4 23. Bxd7 Nxe2 24. Bxc8 Nxc1 25. Rxc1 Rxc8 26. Nxb5 Rxc1 27. Bxc1 Ne4 28. Kg2 f5 29. Be3 Nc3 30. Nxc3 Bxc3 31. Kf1 Kf7 32. Ke2 d5 33. Bd2 Bb4 34. a4 Bxd2 35. Kxd2 Ke6 36. Kc3 Ke5 37. b4 d4+ 38. Kc4 axb4 39. Kxb4 f4 40. gxf4+ Kxf4 41. Kc4 h5 42. a5 g5 43. a6 gxh4 44. a7 h3 45. a8=Q h2 46. Qh1 1-0


[Site "https://www.chess.com"]

[Event "Titled Tuesday Blitz August 17 2021"]
[White "Tokman, Ariel"]
[Black "Demidov, Mikhail"]
[WhiteFideId "117420"]
[BlackFideId "4197143"]
[WhiteElo "2345"]
[BlackElo "2559"]
[Result "0-1"]
[Round "04"]
[TimeControl "180+1"]
[Date "2021.08.18"]
[WhiteClock "0:00:01"]
[BlackClock "0:00:10"]

1. d4 b6 2. Nf3 Bb7 3. Bg5 g6 4. e3 h6 5. Bf4 Bg7 6. Be2 d6 7. c4 Nd7 8. Nc3 e6 9. h3 a6 10. O-O Ne7 11. a4 O-O 12. a5 d5 13. axb6 cxb6 14. Qb3 dxc4 15. Bxc4 b5 16. Be2 Nb6 17. Ne5 Ned5 18. Bg3 Qe7 19. Rfc1 Rfc8 20. Ne4 Na4 21. Bf3 Rxc1+ 22. Rxc1 Rc8 23. Rxc8+ Bxc8 24. Nd3 Ndb6 25. Nec5 e5 26. Nxa4 Nxa4 27. Bxe5 Bf8 28. Qc2 Bd7 29. b4 Nb6 30. Nc5 Nc4 31. Bf4 Bc8 32. Be2 Nb6 33. Bd3 Bg7 34. Bg3 Nd5 35. Qb3 Be6 36. Nxe6 fxe6 37. Bxg6 Qxb4 38. Qd3 a5 39. Qe4 Qe7 40. Bh4 Qd7 41. Bh7+ Kh8 42. Qb1 a4 43. Be4 a3 44. Qb3 Bf8 45. Bb1 b4 46. Qd3 Qf7 47. Ba2 Nc3 48. Bb3 a2 49. Qf1 Qa7 50. Bxa2 Qxa2 51. Qd3 Qb1+ 0-1


[Site "https://www.chess.com"]

[Event "Titled Tuesday Blitz August 17 2021"]
[White "Tregubov, Pavel V."]
[Black "Esenbek Uulu, Ilimbek"]
[WhiteFideId "4115341"]
[BlackFideId "13800680"]
[WhiteElo "2423"]
[BlackElo "2103"]
[Result "1-0"]
[Round "04"]
[TimeControl "180+1"]
[Date "2021.08.18"]
[WhiteClock "0:00:34"]
[BlackClock "0:00:01"]

1. e4 c5 2. Nf3 d6 3. Bb5+ Bd7 4. Bxd7+ Qxd7 5. O-O Nc6 6. c3 Nf6 7. Qe2 e6 8. d4 d5 9. e5 Ne4 10. Nbd2 Nxd2 11. Bxd2 cxd4 12. cxd4 Be7 13. h4 O-O 14. Qd3 h6 15. h5 Rfc8 16. Nh2 Bf8 17. Ng4 Be7 18. Rac1 Qd8 19. Qg3 Bg5 20. Be3 Kh8 21. f4 Bh4 22. Qh3 Nb4 23. f5 exf5 24. Rxf5 Rxc1+ 25. Bxc1 Rc8 26. Bxh6 gxh6 27. Nxh6 Rc1+ 28. Kh2 Rc7 29. Nxf7+ Rxf7 30. Rxf7 Qg8 31. Rc7 Be7 32. Rxe7 Nc6 33. Re6 Nxd4 34. Rh6+ 1-0


[Site "https://www.chess.com"]

[Event "Titled Tuesday Blitz August 17 2021"]
[White "Trent, Lawrence"]
[Black "Holt, Conrad"]
[WhiteFideId "408638"]
[BlackFideId "2034387"]
[WhiteElo "2474"]
[BlackElo "2586"]
[Result "0-1"]
[Round "04"]
[TimeControl "180+1"]
[Date "2021.08.17"]
[WhiteClock "0:00:19"]
[BlackClock "0:00:06"]

1. e4 e6 2. d4 d5 3. Nd2 c5 4. exd5 Qxd5 5. dxc5 Qxc5 6. Ngf3 Nf6 7. Bd3 Nbd7 8. O-O Be7 9. Qe2 O-O 10. c3 b6 11. Ne4 Qc7 12. Bg5 Bb7 13. Nxf6+ Bxf6 14. Be4 Rad8 15. Rad1 Bxe4 16. Qxe4 Nc5 17. Qc2 Bxg5 18. Nxg5 g6 19. Ne4 Qf4 20. Nxc5 bxc5 21. g3 Qf3 22. Rde1 Rd3 23. Qe2 Qd5 24. Rd1 Rxd1 25. Rxd1 Qxa2 26. Rd7 Qa4 27. Qd2 a6 28. h4 h5 29. Rc7 Qa5 30. Rd7 Qb5 31. g4 Qc4 32. gxh5 Qg4+ 33. Kf1 Qxh5 34. Qf4 a5 35. Ra7 Qd1+ 36. Kg2 Qd5+ 37. f3 c4 38. Kg3 Qb5 39. Qf6 Qb8+ 0-1


[Site "https://www.chess.com"]

[Event "Titled Tuesday Blitz August 17 2021"]
[White "Turayev, Shahruh"]
[Black "Green, Andrew D"]
[WhiteFideId "14003856"]
[BlackFideId "2401762"]
[WhiteElo "2601"]
[BlackElo "2159"]
[Result "0-1"]
[Round "04"]
[TimeControl "180+1"]
[Date "2021.08.18"]
[WhiteClock "0:00:03"]
[BlackClock "0:00:11"]

1. e4 c5 2. Nc3 g6 3. d4 cxd4 4. Qxd4 Nf6 5. Nf3 Nc6 6. Qe3 d6 7. Bc4 Bg7 8. O-O O-O 9. h3 a6 10. Qe2 b5 11. Bb3 Na5 12. Bg5 Nxb3 13. axb3 Bb7 14. Rad1 Rc8 15. e5 Ne8 16. exd6 Nxd6 17. Qxe7 Qxe7 18. Bxe7 Bxf3 19. gxf3 Nf5 20. Bxf8 Kxf8 21. Rd7 Bxc3 22. bxc3 Rxc3 23. Ra1 Rxc2 24. Rxa6 Rb2 25. Raa7 Nh6 26. Rd3 Rb1+ 27. Kg2 Nf5 28. Rb7 Nh4+ 29. Kg3 Nf5+ 30. Kf4 Kg7 31. Rxb5 Rh1 32. Rb7 Rxh3 33. b4 Rh4+ 34. Ke5 h5 35. b5 Rb4 36. b6 h4 37. f4 Rb5+ 38. Ke4 Rb1 39. Kf3 h3 40. Rdd7 Nh6 41. Kg3 Rh1 42. Rb8 Nf5+ 43. Kf3 h2 44. Kg2 Re1 45. Kxh2 Re2 46. Kg2 Ne3+ 47. Kf3 Rb2 48. fxe3 Rb3 0-1


[Site "https://www.chess.com"]

[Event "Titled Tuesday Blitz August 17 2021"]
[White "Turner, Max N"]
[Black "Atabayev, Maksat"]
[WhiteFideId "447722"]
[BlackFideId "14001101"]
[WhiteElo "2078"]
[BlackElo "2457"]
[Result "0-1"]
[Round "04"]
[TimeControl "180+1"]
[Date "2021.08.17"]
[WhiteClock "0:00:05"]
[BlackClock "0:00:34"]

1. d4 c5 2. d5 d6 3. e4 Nf6 4. Nd2 g6 5. Ngf3 Bg7 6. h3 O-O 7. Bd3 b5 8. Bxb5 Nxe4 9. Nxe4 Qa5+ 10. c3 Qxb5 11. Qe2 Ba6 12. Qxb5 Bxb5 13. Bg5 Re8 14. O-O-O a5 15. Rhe1 Nd7 16. Ned2 Kf8 17. c4 Ba6 18. a4 Rab8 19. b3 Bc8 20. Re2 h6 21. Bf4 Nb6 22. Rde1 Bd7 23. Rxe7 Rxe7 24. Bxd6 Re8 25. Bxc5 Nc8 26. g4 Kg8 27. Bxe7 Rxe7 28. Rd1 f5 29. g5 hxg5 30. c5 g4 31. Nh4 gxh3 32. Nxg6 Re2 33. c6 Be8 34. Nc4 Bxg6 35. d6 Bh6+ 36. Ne3 Nxd6 37. Rxd6 h2 38. Rxg6+ Kh7 39. Rxh6+ Kxh6 40. Nxf5+ Kg5 41. Ng3 Re6 42. Kd2 Rxc6 43. Ke3 Rb6 44. Ne4+ Kh4 45. Ng3 Rxb3+ 46. Ke2 Rxg3 0-1


[Site "https://www.chess.com"]

[Event "Titled Tuesday Blitz August 17 2021"]
[White "Vlassov, Nikolai"]
[Black "Martin Carmona, Gaston Manuel"]
[WhiteFideId "4103360"]
[BlackFideId "22284567"]
[WhiteElo "2407"]
[BlackElo "2161"]
[Result "1-0"]
[Round "04"]
[TimeControl "180+1"]
[Date "2021.08.17"]
[WhiteClock "0:01:32"]
[BlackClock "0:00:50"]

1. e4 e5 2. Bc4 Nf6 3. d3 Nc6 4. Nf3 Bc5 5. Bg5 h6 6. Bh4 Be7 7. Nc3 d6 8. h3 O-O 9. Qe2 Na5 10. O-O-O a6 11. g4 b5 12. Bb3 Nxb3+ 13. axb3 Be6 14. d4 exd4 15. Nxd4 Nxe4 16. Nc6 Bg5+ 17. Kb1 Nxc3+ 18. bxc3 Qf6 19. Bxg5 hxg5 20. Qd2 a5 21. h4 gxh4 22. g5 Qf3 23. Ne7+ 1-0


[Site "https://www.chess.com"]

[Event "Titled Tuesday Blitz August 17 2021"]
[White "Weetik, Vjacheslav"]
[Black "Dahanayake, Isara Banidu"]
[WhiteFideId "4153472"]
[BlackFideId "9932631"]
[WhiteElo "2469"]
[BlackElo "1394"]
[Result "1-0"]
[Round "04"]
[TimeControl "180+1"]
[Date "2021.08.17"]
[WhiteClock "0:00:06"]
[BlackClock "0:00:07"]

1. d4 Nf6 2. Bf4 g6 3. Nf3 Bg7 4. e3 d6 5. c4 O-O 6. Nc3 c5 7. d5 a6 8. a4 Qa5 9. Bd3 Nh5 10. Bg5 Re8 11. O-O Bg4 12. Be2 Nd7 13. h3 Bxf3 14. Bxf3 Nhf6 15. Be2 Qb4 16. Qc2 h6 17. Bh4 Ne5 18. b3 Ned7 19. Rfc1 Qb6 20. f4 Nh7 21. Bf3 Qb4 22. a5 g5 23. Be1 b5 24. Ne4 Bxa1 25. Bxb4 Bg7 26. Bc3 f5 27. Ng3 Bxc3 28. Qxc3 Rf8 29. Nh5 Rf7 30. e4 b4 31. Qb2 Nhf6 32. exf5 Nxh5 33. Bxh5 Rxf5 34. Bg4 Rxf4 35. Bxd7 Raf8 36. Be6+ Kh7 37. Qc2+ Kh8 38. Re1 R8f6 39. Bg4 Rf7 40. Qd2 R4f6 41. Re3 Rf1+ 42. Kh2 R1f4 43. Qe2 Rf2 44. Qd3 R2f4 45. Re6 Rxc4 46. Rxh6+ Kg8 47. Qg6+ Rg7 48. Qe8# 1-0


[Site "https://www.chess.com"]

[Event "Titled Tuesday Blitz August 17 2021"]
[White "Yaran, Siar"]
[Black "Kilpatrick, Callum"]
[WhiteFideId "6323006"]
[BlackFideId "414425"]
[WhiteElo "1977"]
[BlackElo "2486"]
[Result "1-0"]
[Round "04"]
[TimeControl "180+1"]
[Date "2021.08.17"]
[WhiteClock "0:00:23"]
[BlackClock "0:00:01"]

1. e4 g6 2. d4 Bg7 3. Nf3 c5 4. d5 d6 5. h3 Nf6 6. Bd3 O-O 7. c4 e6 8. Nc3 exd5 9. cxd5 b5 10. Bxb5 Nxe4 11. Nxe4 Qa5+ 12. Nfd2 Qxb5 13. Nxd6 Qa6 14. N2c4 Nd7 15. O-O Ne5 16. Nxc8 Raxc8 17. Nxe5 Bxe5 18. Bg5 Bxb2 19. Rb1 Bd4 20. Be7 Qxa2 21. d6 Qd5 22. Qb3 Qc6 23. Qb7 Qxb7 24. Rxb7 Rfd8 25. d7 Ra8 26. Bxd8 Rxd8 27. Rxa7 Kf8 28. Re1 f6 29. Rc7 Kf7 30. Kf1 Be5 31. Rb7 c4 32. g3 c3 33. f4 Bd4 34. Ke2 f5 35. Kd3 Bf6 36. Kc2 Bg7 37. Re3 Bf6 38. g4 Bg7 39. g5 Bh8 40. h4 Bg7 41. h5 gxh5 42. Rh3 1-0


[Site "https://www.chess.com"]

[Event "Titled Tuesday Blitz August 17 2021"]
[White "Yeletsky, Ivan"]
[Black "Perez Rodriguez, Luis Manuel"]
[WhiteFideId "24180327"]
[BlackFideId "3503364"]
[WhiteElo "2344"]
[BlackElo "2429"]
[Result "0-1"]
[Round "04"]
[TimeControl "180+1"]
[Date "2021.08.17"]
[WhiteClock "0:00:02"]
[BlackClock "0:00:08"]

1. e4 e5 2. Nf3 Nc6 3. Bb5 a6 4. Ba4 Nf6 5. Qe2 b5 6. Bb3 Be7 7. O-O O-O 8. c3 d5 9. d3 Bb7 10. Nbd2 Re8 11. Rd1 Bf8 12. Nf1 h6 13. Ng3 Na5 14. Bc2 c5 15. h3 Qc7 16. Nh2 c4 17. Ng4 Nxg4 18. hxg4 cxd3 19. Bxd3 Nc4 20. g5 hxg5 21. Bxg5 f6 22. Bh4 Qf7 23. exd5 Bxd5 24. Qg4 Be6 25. Qe4 g5 26. b3 Nd6 27. Qe2 gxh4 28. Ne4 Rad8 29. Nc5 Bc8 30. Rac1 f5 31. c4 e4 32. Bb1 b4 33. Na4 Nb7 34. c5 Rxd1+ 35. Qxd1 f4 36. Nb6 f3 37. Nxc8 Qg6 38. Qf1 Rxc8 39. c6 Rxc6 40. Rxc6 Qxc6 41. gxf3 exf3 42. Kh1 Qe6 43. Bd3 Nd6 44. Bxa6 Kh8 45. Bd3 Bg7 46. Bc2 Qg4 47. Bd3 Be5 48. Bc2 Ne4 49. Bxe4 Qxe4 50. Qd1 Qe2 51. Qc1 Bg7 52. Qc8+ Kh7 53. Qf5+ Kh6 54. Qf4+ Kg6 55. Qg4+ Kf7 56. Qf5+ Bf6 57. Qd7+ Be7 58. Qf5+ Ke8 59. Qc8+ Bd8 60. Qc6+ Ke7 61. Qc5+ Kd7 62. Qd5+ Kc8 63. Qc6+ Bc7 64. Qa8+ Kd7 65. Qd5+ Bd6 66. Qb7+ Ke6 67. Qc8+ Kd5 68. Qb7+ Kd4 69. Qb6+ Kc3 70. Qc6+ Kb2 71. Qxd6 Qf1+ 0-1


[Site "https://www.chess.com"]